 Seeded DCSS version 0.31-a0-507-gbafd7f5274 (webtiles) character file.

Game seed: 18446744073709551615 (custom seed)

1421 Mickster the Cleaver (level 8, -3/105 HPs)
             Began as a Hill Orc Berserker on Aug 9, 2023.
             Was a Believer of Trog.
             Slain by a hornet (13 damage)
             ... on level 7 of the Dungeon.
             The game lasted 00:36:43 (2943 turns).

Mickster the Cleaver (Hill Orc Berserker)           Turns: 2943, Time: 00:36:43

Health: -3/105     AC:  8    Str: 22    XL:     8   Next: 72%
Magic:  8/8        EV: 11    Int:  7    God:    Trog [**....]
Gold:   237        SH:  0    Dex: 10    Spells: 7/7 levels left

rFire   + . .        a - +0 hand axe (spect)
rCold   . . .        (no shield)
rNeg    + . .        f - +1 ring mail {rPois}
rPois   +            (no helmet)
rElec   .            (no cloak)
rCorr   .            A - +0 pair of gloves
SInv    .            (no boots)
Will    .....        (no amulet) Stlth
                     s - ring of protection from fire
HPRegen 0.37/turn    q - ring of positive energy
MPRegen 0.11/turn

%: no passive effects
@: berserking, slowed
A: no striking features
a: Renounce Religion, Berserk, Trog's Hand


You were on level 7 of the Dungeon.
You worshipped Trog.
Trog was pleased with you.
You visited 1 branch of the dungeon, and saw 7 of its levels.
You also visited: Ossuary.

You collected 237 gold pieces.

Inventory:

Hand Weapons
 a - a +0 spectral hand axe (weapon)
 k - a +2 heavy flail
 n - a +1 heavy hand axe
 u - a +0 long sword of electrocution
 z - a +0 war axe
Missiles
 l - 11 stones
 y - 4 boomerangs (quivered)
Armour
 d - a +0 scale mail
 f - a +1 ring mail of poison resistance (worn)
 A - a +0 pair of gloves (worn)
Jewellery
 g - a ring of protection from cold
 m - a ring of protection from cold
 q - a ring of positive energy (right hand)
 s - a ring of protection from fire (left hand)
Wands
 h - a wand of roots (14)
 i - a wand of quicksilver (4)
 t - a wand of digging (5)
Scrolls
 b - a scroll of fog
 j - 2 scrolls of poison
 r - a scroll of fear {unknown}
 v - a scroll of amnesia {unknown}
 x - 3 scrolls of identify
 B - a scroll of blinking {unknown}
Potions
 e - 2 potions of heal wounds {unknown}
 o - 2 potions of resistance {unknown}
 p - 2 potions of curing {unknown}
 w - a potion of mutation {unknown}


   Skills:
 + Level 5.8 Fighting
 * Level 9.4 Axes
 - Level 0.2(4.8) Maces & Flails
 * Level 3.3 Throwing
 + Level 5.5 Armour
 + Level 3.1 Dodging
 + Level 1.0 Stealth
 + Level 0.2 Evocations


You had 7 spell levels left.
You didn't know any spells.
Your spell library was empty.

Dungeon Overview and Level Annotations

Branches:
Dungeon (7/15)            Ossuary (visited)
 Temple: D:4-7

Altars:
Nemelex Xobeh


Message History

Your +0 spectral hand axe misses the water moccasin.
The water moccasin bites you. The water moccasin closely misses you.
You miss the water moccasin.
The water moccasin is moderately wounded.
Your +0 spectral hand axe hits the water moccasin.
The water moccasin bites your +0 spectral hand axe!
Your spectral weapon shares its damage with you!
You catch the helpless water moccasin completely off-guard!
You hit the water moccasin.
The water moccasin is almost dead.
Your +0 spectral hand axe closely misses the water moccasin.
The water moccasin closely misses you.
You hit the water moccasin.
The water moccasin is almost dead.
Your +0 spectral hand axe hits the water moccasin!
You kill the water moccasin!
Trog accepts your kill.
Something stings your +0 spectral hand axe.
The yak closely misses your +0 spectral hand axe.
The yak misses your +0 spectral hand axe.
Your Stealth skill increases to level 1!
Your +0 spectral hand axe disappears.
You hit the hornet.
The hornet is lightly wounded.
Your +0 spectral hand axe hits the hornet but does no damage.
The hornet stings you.
* * * LOW HITPOINT WARNING * * *
The hornet stings you!
* * * LOW HITPOINT WARNING * * *
A red film seems to cover your vision as you go berserk!
You feel yourself moving faster!
You feel mighty!
Your +0 spectral hand axe disappears.
The hornet stings you.
* * * LOW HITPOINT WARNING * * *
You feel yourself slow down.
You barely miss the hornet.
The hornet is lightly wounded.
Your +0 spectral hand axe hits the hornet.
The hornet stings you!
You die... #.#.# #......# #.#.## +......# #.#..### #......# ###.##...# #......# #...####.# ......# #.### ##.## .YYY

#.# #...# #y###
#.# #...#
#@(.###.#####...#
###†....##......#
##.....#.##.<.#
#.....# #####
#.......#
#.....### ####.##
..# ###


You could see 3 yaks, a hornet and a friendly +0 spectral hand axe.

Vanquished Creatures
  Sigmund (D:4)
  A yak (D:7)
  2 water moccasins (D:7)
  A black bear (D:7)
  A sky beast (D:7)
  An ogre (D:6)
  A bullfrog (D:6)
  4 scorpions
  2 jellies
  A hound (D:5)
  An iguana (D:6)
  An orc wizard (D:6)
  6 gnolls (D:2)
  2 adders
  A shadow imp (D:6)
  2 ufetubi
  A worm zombie (D:4)
  2 worms
  A dart slug (D:2)
  8 orcs
  2 ball pythons
  6 bats
  3 endoplasms
  3 giant cockroaches
  A goblin (D:1)
  4 hobgoblins
  5 jackals
  2 quokkas
  3 frilled lizards
  7 kobolds
  4 rats
80 creatures vanquished.

Notes
Turn   | Place    | Note
-------+----------+-------------------------------------------
     0 | D:1      | Mickster the Hill Orc Berserker began the quest for the
                  | Orb.
     0 | D:1      | Reached XP level 1. HP: 19/19 MP: 1/1
   234 | D:1      | Found a faded altar of an unknown god.
   319 | D:1      | Reached XP level 2. HP: 27/27 MP: 2/2
   920 | D:2      | Reached XP level 3. HP: 33/33 MP: 3/3
   924 | D:2      | Reached skill level 5 in Axes
  1140 | D:2      | Reached XP level 4. HP: 41/41 MP: 4/4
  1541 | D:3      | Reached XP level 5. HP: 38/47 MP: 5/5
  1542 | D:3      | Reached ** piety under Trog
  1787 | D:3      | Found a sparkling altar of Nemelex Xobeh.
  2054 | D:4      | Noticed Sigmund
  2068 | D:4      | Killed Sigmund
  2069 | D:4      | Reached skill level 5 in Fighting
  2069 | D:4      | Reached skill level 6 in Axes
  2069 | D:4      | Reached skill level 1 in Throwing
  2069 | D:4      | Reached XP level 6. HP: 56/56 MP: 6/6
  2175 | D:4      | Found a sand-covered staircase.
  2199 | Ossuary  | Entered an ossuary
  2249 | D:5      | Entered Level 5 of the Dungeon
  2259 | D:5      | Reached XP level 7. HP: 59/61 MP: 7/7
  2299 | D:5      | You fall into a shaft and drop 1 floor!
  2341 | D:6      | Reached skill level 7 in Axes
  2877 | D:7      | Reached skill level 8 in Axes
  2877 | D:7      | Reached skill level 5 in Armour
  2877 | D:7      | Reached XP level 8. HP: 66/69 MP: 8/8
  2913 | D:7      | Noticed a yak
  2913 | D:7      | Noticed a yak
  2913 | D:7      | Noticed a yak
  2913 | D:7      | Noticed a hornet
  2913 | D:7      | Noticed a yak
  2921 | D:7      | Killed a yak
  2932 | D:7      | Reached skill level 9 in Axes
  2940 | D:7      | Reached skill level 1 in Stealth
  2943 | D:7      | Slain by a hornet

Illustrated notes

Levels and vault maps discovered:
D:1:      dpeg_arrival_brainrot, layout_basic, hellmonk_ecumenical_altar_blasted
D:2:      layout_basic
D:3:      layout_rooms, nemelex_spade_bored_becter, hangedman_decor_growths
D:4:      layout_basic, enter_ossuary_3, uniq_sigmund
D:5:      layout_loops_ring, uniq_prince_ribbit1, uniq_eustachio
D:6:      layout_basic, minivault_1
D:7:      layout_rooms, minmay_temple_entry_hall

Skill      XL: |  1  2  3  4  5  6  7  8 |
---------------+-------------------------+-----
Fighting       | 4 5 |  5.8
Axes           | 5 6 8 9 |  9.4
Armour         | 3 5 |  5.5
Dodging        | 2 3 |  3.1
Throwing       | 1 2 3 |  3.3
Stealth        | 1 |  1.0
Maces & Flails | |  0.2
Evocations     | |  0.2

Action                     |  1- 3 |  4- 6 |  7- 9 || total
---------------------------+-------+-------+-------++-------
  Melee: Hand axe          |    72 |    53 |   105 ||   230
         Punch             |     1 |       |     3 ||     4
         Flail             |       |    16 |       ||    16
  Throw: Boomerang         |       |       |     3 ||     3
 Invoke: Berserk           |     1 |     4 |     4 ||     9
         Trog's Hand       |       |     2 |     1 ||     3
  Evoke: Wand              |       |     2 |       ||     2
    Use: Scroll            |     2 |     2 |       ||     4
         Potion            |       |       |     1 ||     1
   Stab: Distracted        |       |       |     1 ||     1
 Armour: Ring mail         |    20 |    39 |    46 ||   105
         Scale mail        |     2 |       |       ||     2
  Dodge: Dodged            |    52 |    62 |    57 ||   171

Table legend: (Time is in decaauts)
 A = Elapsed time spent in this place.
 B = Non-inter-level travel time spent in this place.
 C = Inter-level travel time spent in this place.
 D = Time resting spent in this place.
 E = Time spent auto-exploring this place.
 F = Levels seen in this place.
 G = Mean time per level.
                   A        B        C        D        E       F      G
               +--------+--------+--------+--------+--------+-----+--------+
         Total |   3026 |   2726 |    300 |    102 |     99 |   8 |  378.2 |
       Dungeon |   3023 |   2723 |    300 |    102 |     99 |   7 |  431.9 |
       Ossuary |      2 |      2 |      0 |      0 |      0 |   1 |    2.0 |
               +--------+--------+--------+--------+--------+-----+--------+

Top non-repeatable levels by time:
     D:1: 723 daAuts
     D:2: 612 daAuts
     D:3: 588 daAuts
     D:6: 563 daAuts
     D:4: 376 daAuts
     D:7: 110 daAuts
     D:5: 48 daAuts
 Ossuary: 2 daAuts
